 Dungeon Crawl Stone Soup version 0.19.5 (webtiles) character file.

84 rogel the Skirmisher (level 4, 0/37 HPs)
             Began as a Demonspawn Abyssal Knight on May 12, 2017.
             Was a Believer of Lugonu.
             Slain by a crimson imp (2 damage)
             ... on level 3 of the Dungeon.
             The game lasted 00:21:32 (2023 turns).

rogel the Skirmisher (Demonspawn Abyssal Knight)    Turns: 2023, Time: 00:21:33

Health: 0/37       AC: 10    Str: 13    XL:     4   Next: 24%
Magic:  5/5        EV:  6    Int: 13    God:    Lugonu [**....]
Gold:   144        SH:  0    Dex: 13    Spells: 1 memorised, 1 level left

rFire  + . .     SeeInvis .     a - +1 falchion
rCold  . . .     Gourm    .     e - +0 chain mail
rNeg   . . .     Faith    .     (no shield)
rPois  .         Spirit   .     (no helmet)
rElec  .         Reflect  .     (no cloak)
rCorr  .         Harm     .     (no gloves)
MR     .....                    (no boots)
Stlth  ..........               (no amulet)
                                (no ring)
                                (no ring)

@: no status effects
A: molten scales 1, fire resistance 1, flame cloud immunity
a: Depart the Abyss, Bend Space, Renounce Religion


You were on level 3 of the Dungeon.
You worshipped Lugonu.
Lugonu was pleased with you.
You were not hungry.

You visited 1 branch of the dungeon, and saw 3 of its levels.
You visited the Abyss 1 time.

You collected 144 gold pieces.

Inventory:

Hand Weapons
 a - a +1 falchion (weapon)
 i - a +0 short sword
 l - a cursed -1 dagger
 o - a +0 dagger
Armour
 b - a +1 leather armour
 e - a +0 chain mail (worn)
 r - a cursed +0 large shield
 s - a +0 ring mail
Scrolls
 d - a scroll of remove curse
Potions
 f - a potion of haste {unknown}
 g - a potion of mutation {unknown}
 m - a potion of flight {unknown}
 n - a potion of invisibility {unknown}
 p - a potion of degeneration {unknown}
 q - a potion of lignification {unknown}
 u - a potion of agility {unknown}
Books
 h - a book of Changes

   Spells                             Type                      Level
   a - Beastly Appendage              Transmutation                1
   b - Sticks to Snakes               Transmutation                2
   c - Spider Form                    Transmutation/Poison         3
   d - Ice Form                       Ice/Transmutation            4
   e - Blade Hands                    Transmutation                5
Comestibles
 c - 2 bread rations
 j - 2 royal jellies
 k - 8 fruits


   Skills:
 + Level 4.0 Fighting
 + Level 2.5 Long Blades
 + Level 2.3 Armour
 + Level 1.2 Dodging
 + Level 2.6 Invocations


You had one spell level left.
You knew the following spells:

 Your Spells              Type           Power        Failure   Level  Hunger
a - Sticks to Snakes      Tmut           #.......     100%        2    ###....


Dungeon Overview and Level Annotations

Branches:
Dungeon (3/15)

Altars:


Innate Abilities, Weirdness & Mutations

You are partially covered in molten scales. (AC +2)
Your flesh is heat resistant. (rF+)
You are immune to clouds of flame.


Message History

You hit the crimson imp.
The crimson imp is severely wounded.
The crimson imp hits you but does no damage.
The crimson imp hits you.
* * * LOW HITPOINT WARNING * * *
You closely miss the crimson imp.
The crimson imp is heavily wounded.
The crimson imp hits you.
* * * LOW HITPOINT WARNING * * *
You miss the crimson imp.
The crimson imp is moderately wounded.
The crimson imp closely misses you.
You miss the crimson imp.
The crimson imp is moderately wounded.
The crimson imp hits you.
* * * LOW HITPOINT WARNING * * *
You closely miss the crimson imp.
The crimson imp is moderately wounded.
The crimson imp hits you.
You die...

?. ##....>###....
#....#.......#.....
#....#.............
....#......)#....
...........#....
#......(...#
#...5....###
##...@....%.#
##....††...#......#
#....<..).#######..
#.##.#...## #
#.#...# #<#.###
#........#
........###.#
...####.#


You could see a crimson imp.

Vanquished Creatures
  3 adders (D:2)
  An ooze (D:2)
  2 worms
  A dart slug (D:1)
  2 leopard geckos (D:2)
  2 orcs (D:3)
  2 giant cockroaches
  6 goblins
  4 hobgoblins
  2 jackals (D:1)
  3 bats
  5 frilled lizards
  5 kobolds
  7 rats
45 creatures vanquished.

Notes
Turn   | Place    | Note
-------+----------+-------------------------------------------
     0 | Abyss:1  | rogel the Demonspawn Abyssal Knight began the quest for the Orb.
     0 | Abyss:1  | Reached XP level 1. HP: 18/18 MP: 2/2
    54 | Abyss:1  | Found a corrupted altar of Lugonu.
    76 | D:1      | Escaped the Abyss
   182 | D:1      | Gained mutation: Your flesh is heat resistant. (rF+) [demonic ancestry]
   182 | D:1      | Reached XP level 2. HP: 24/24 MP: 3/3
   218 | D:1      | Reached * piety under Lugonu
   218 | D:1      | Reached skill level 1 in Dodging
  1096 | D:2      | Gained mutation: You are immune to clouds of flame. [demonic ancestry]
  1096 | D:2      | Reached XP level 3. HP: 19/30 MP: 4/4
  1266 | D:2      | Learned a level 2 spell: Sticks to Snakes
  1552 | D:2      | Gained mutation: You are partially covered in molten scales. (AC +2) [demonic ancestry]
  1552 | D:2      | Reached XP level 4. HP: 34/37 MP: 5/5
  1731 | D:2      | Reached skill level 4 in Fighting
  1958 | D:3      | Reached ** piety under Lugonu
  2023 | D:3      | Slain by a crimson imp

Skill      XL: |  1  2  3  4 |
---------------+-------------+-----
Armour         | 2 |  2.3
Dodging        | 1 |  1.2
Long Blades    | 2 |  2.5
Fighting       | 4 |  4.0
Invocations    | |  2.6

Action                   |  1- 3 |  4- 6 || total
-------------------------+-------+-------++-------
Melee: Falchion          |    86 |    68 ||   154
Invok: Depart the Abyss  |     1 |       ||     1
  Use: Scroll            |     7 |     1 ||     8
       Potion            |     2 |       ||     2
  Eat: Bread ration      |     1 |       ||     1
Armor: Leather armour    |    24 |       ||    24
       Chain mail        |     8 |    46 ||    54
Dodge: Dodged            |    71 |    23 ||    94
       Rpst.: Falchion   |    19 |    10 ||    29
